 Dungeon Crawl Stone Soup version 0.25.1-2-g60ff931df9 (webtiles) character file.

Game seed: 9232108883388966472

253 Tiocfaidh the Stinger (level 5, -1/48 HPs)
             Began as a Deep Dwarf Venom Mage on Nov 29, 2020.
             Killed from afar by an orc wizard (5 damage)
             ... with a magic dart
             ... on level 3 of the Dungeon.
             The game lasted 00:14:20 (1595 turns).

Tiocfaidh the Stinger (Deep Dwarf Venom Mage)       Turns: 1595, Time: 00:14:21

Health: -1/48      AC:  2    Str: 12    XL:     5   Next: 90%
Magic:  9/10       EV: 14    Int: 16    God:
Gold:   71         SH:  0    Dex: 13    Spells: 8/11 levels left

rFire    + . .     SeeInvis .   f - +0 hunting sling
rCold    . . .     Gourm    .   (no shield)
rNeg     . . .     Faith    .   a - +0 robe
rPois    .         Spirit   .   (no helmet)
rElec    .         Reflect  .   (no cloak)
rCorr    .         Harm     .   (no gloves)
MR       .....                  (no boots)
Stlth    +++.......             e - amulet of magic regeneration
HPRegen  0.00/turn              b - ring of protection from fire
MPRegen  0.37/turn              (no ring)

@: non-regenerating
A: damage resistance, heal wounds, sense surroundings 1, no regeneration
a: Heal Wounds


You were on level 3 of the Dungeon.
You were not hungry.

You visited 1 branch of the dungeon, and saw 3 of its levels.

You collected 71 gold pieces.

Inventory:

Hand Weapons
 f - a +0 hunting sling (weapon)
Missiles
 g - 21 sling bullets (quivered)
Armour
 a - a +0 robe (worn)
Jewellery
 b - a ring of protection from fire (left hand)
 e - an amulet of magic regeneration (around neck)
Scrolls
 k - a scroll of remove curse
Potions
 h - a potion of berserk rage
Comestibles
 c - 6 rations


   Skills:
 + Level 2.9 Fighting
 + Level 4.1(4.6) Slings
 + Level 2.5(3.4) Throwing
 + Level 3.2 Armour
 + Level 4.1 Dodging
 + Level 4.9 Stealth
 + Level 2.5 Unarmed Combat
 + Level 3.8 Spellcasting
 + Level 3.1 Transmutations
 + Level 2.1 Air Magic
 + Level 4.9 Poison Magic


You had 8 spell levels left.
You knew the following spells:

 Your Spells              Type           Power        Failure   Level  Hunger
a - Sting                 Tmut/Pois      ###.         3%          1    None
b - Poisonous Vapours     Pois/Air       ##....       6%          2    ##.....

Your spell library contained the following spells:

 Spells                   Type           Power        Failure   Level  Hunger
 Corona                   Hex            #......      17%         1    None
 Ignite Poison            Fire/Tmut/Pois ##......     17%         3    ###....
 Mephitic Cloud           Conj/Pois/Air  ##......     21%         3    ###....
 Olgreb's Toxic Radiance  Pois           ###.....     22%         4    ####...
 Ensorcelled Hibernation  Hex/Ice        #.....       26%         2    ##.....
 Confusing Touch          Hex            #.......     45%         3    ###....
 Dazzling Flash           Conj/Hex       #.....       45%         3    ###....
 Tukima's Dance           Hex            #.......     45%         3    ###....


Dungeon Overview and Level Annotations

Branches:
Dungeon (3/15)

Altars:


Innate Abilities, Weirdness & Mutations

You are resistant to damage.
You can heal yourself by infusing magical energy.
You passively map a small area around you.
You do not regenerate.


Message History

Casting: Sting (safe; 3% risk of failure)
Confirm with . or Enter, or press ? or * to list all spells.
Aiming: Sting (safe; 3% risk of failure)
Press: ? - help, Shift-Dir - straight line, f - orc wizard
Aim: an orc wizard, wielding a +0 dagger and wearing a +0 robe The sting hits the orc wizard.
The orc wizard is poisoned.
The orc wizard is moderately wounded.
The orc wizard hits you with a +0 dagger.
* * * LOW HITPOINT WARNING * * *
Casting: Sting (safe; 3% risk of failure)
Confirm with . or Enter, or press ? or * to list all spells.
Aiming: Sting (safe; 3% risk of failure)
Press: ? - help, Shift-Dir - straight line, f/p - orc wizard
Aim: an orc wizard, wielding a +0 dagger and wearing a +0 robe (heavily wounded, poisoned)
The sting hits the orc wizard.
The orc wizard looks even sicker.
The orc wizard is severely wounded.
A kobold comes into view. It is wielding a +0 dagger.
The orc wizard gestures at you while chanting.
The magic dart hits you!
You die...

* * #.^..##### #K
#......... #. ,
#......... #.
.######........ #o
...........##.# #o
*######.#####.# #o*
###.# #.#
#o#######...# #.#
#.@.......#######.#
############......#
#.###### #.# #.#
#.# #.######
#....... ########


You could see an orc wizard (very poisoned), 3 orcs and a kobold.

Vanquished Creatures
  2 orc wizards (D:3)
  3 adders
  An ooze (D:1)
  A dart slug (D:1)
  2 leopard geckos
  2 orcs (D:3)
  4 giant cockroaches
  8 hobgoblins
  6 jackals (D:1)
  A ball python (D:2)
  5 bats
  3 frilled lizards (D:1)
  A goblin (D:2)
  7 kobolds
  11 rats
57 creatures vanquished.

Notes
Turn   | Place    | Note
-------+----------+-------------------------------------------
     0 | D:1      | Tiocfaidh the Deep Dwarf Venom Mage began the quest for the
                  | Orb.
     0 | D:1      | Reached XP level 1. HP: 15/15 MP: 3/3
   301 | D:1      | Reached XP level 2. HP: 19/22 MP: 4/4
   314 | D:1      | Reached skill level 1 in Transmutations
   540 | D:1      | Reached XP level 3. HP: 20/28 MP: 4/6
   660 | D:1      | Learned a level 2 spell: Poisonous Vapours
  1247 | D:2      | Reached XP level 4. HP: 19/36 MP: 7/7
  1428 | D:3      | Reached skill level 1 in Slings
  1473 | D:3      | Reached XP level 5. HP: 6/48 MP: 7/10
  1595 | D:3      | Killed from afar by an orc wizard

Illustrated notes

Levels and vault maps discovered:
D:1:      lightli_arrival_statuegarden, layout_loops_corners,
          serial_park_tiny_pond, minmay_misc_feat_five, wad_floor_pattern_2,
          serial_bayou_pond_b
D:2:      layout_rooms, first_ration, minivault_23
D:3:      layout_loops_ring, hex_medium, uniq_natasha

Skill      XL: |  1  2  3  4 |
---------------+-------------+-----
Transmutations | 1 3 |  3.1
Spellcasting   | 2 3 |  3.8
Poison Magic   | 3 4 |  4.9
Slings         | 4 |  4.1
Fighting       | 2 |  2.9
Throwing       | 2 |  2.5
Armour         | 3 |  3.2
Dodging        | 4 |  4.1
Stealth        | 4 |  4.9
Unarmed Combat | 2 |  2.5
Air Magic      | 2 |  2.1

Action                   |  1- 3 |  4- 6 || total
-------------------------+-------+-------++-------
Melee: Unarmed           |     3 |       ||     3
 Fire: Hunting sling     |    37 |    14 ||    51
 Cast: Sting             |    47 |    18 ||    65
  Use: Scroll            |       |     5 ||     5
       Potion            |       |     2 ||     2
  Eat: Ration            |     1 |       ||     1
Armor: Robe              |     7 |     1 ||     8
Dodge: Dodged            |    38 |    13 ||    51
